Map: Cyber Forest LE

Players

MaSa

  • Race: Terran Terran
  • Spawn Location: 5:00

SKillous - Winner!

  • Race: Protoss Protoss
  • Spawn Location: 11:00

Event: 2019 WCS Spring

VOD

Have the link to the VOD?

Description

Time

  • Played on: May 18, 2019, 8:25 a.m.
  • Length: 12:57

All games in this series

Show
View Real Time Build Order
Export as new Build Order

MaSa Terran 

Build Orders:  

Get SALT Encoding   

  12  0:00  SCV  
  13  0:12  SCV  
  14  0:17  Supply Depot  
  14  0:25  SCV  
  15  0:38  SCV, Barracks  
  16  0:43  Refinery  
  16  0:50  SCV  
  17  1:02  SCV  
  18  1:15  SCV  
  19  1:25  Marine  
  19  1:27  Orbital Command  
  20  1:42  Command Center  
  20  1:43  Marine  
  21  1:51  Supply Depot  
  21  1:55  SCV  
  22  2:01  Marine  
  23  2:10  Factory  
  23  2:13  SCV  
  24  2:26  Barracks Reactor  
  24  2:27  SCV  
  25  2:34  Bunker  
  25  2:39  SCV  
  26  2:44  Refinery  
  26  2:51  SCV  
  26  2:54  Starport, Widow Mine  
  29  3:03  SCV  
  30  3:07  Refinery  
  30  3:09  Orbital Command  
  30  3:13  Marine x2  
  30  3:15  SCV  
  30  3:17  Factory Tech Lab  
  33  3:28  SCV  
  33  3:31  Marine  
  33  3:32  Marine  
  36  3:37  SCV  
  36  3:40  SCV  
  38  3:41  Raven  
  40  3:49  SCV  
  40  3:52  SCV  
  40  3:55  Marine  
  43  3:56  Factory Tech Lab, Marine  
  43  4:01  SCV  
  43  4:02  Supply Depot  
  45  4:04  SCV  
  46  4:11  Barracks  
  46  4:14  Supply Depot  
  46  4:23  Marine  
  46  4:24  SCV x2, Siege Tank  
  52  4:31  Barracks  
  52  4:33  Starport Tech Lab, Supply Depot  
  52  4:35  Marine  
  52  4:36  SCV x2  
  55  4:42  Marine  
  56  4:48  SCV x2  
  56  4:50  Engineering Bay  
  58  4:54  Marine  
  58  4:56  Siege Tank  
  62  5:00  SCV, Marine  
  62  5:01  SCV  
  62  5:05  Starport Reactor, Marine  
  62  5:07  Supply Depot x2  
  66  5:09  Stimpack  
  66  5:12  Marine  
  66  5:14  SCV x2  
  69  5:18  Terran Infantry Weapons Level 1  
  69  5:25  Marine  
  69  5:28  SCV, Marine x2  
  73  5:30  Supply Depot  
  73  5:32  SCV  
  73  5:33  Liberator, Supply Depot  
  74  5:36  Combat Shield  
  74  5:40  SCV  
  75  5:44  SCV  
  75  5:45  Marine x2  
  75  5:46  Factory Reactor, Supply Depot  
  75  5:47  Medivac  
  80  5:55  SCV  
  84  5:58  Supply Depot  
  84  6:02  Marauder x2  
  84  6:03  SCV  
  89  6:08  SCV  
  89  6:10  Supply Depot  
  90  6:16  SCV  
  90  6:17  Marine x2  
  92  6:20  SCV, Medivac  
  92  6:23  Marauder  
  94  6:29  Command Center  
  94  6:31  Marauder  
  96  6:33  Medivac  
  96  6:34  Widow Mine  
  96  6:35  Widow Mine  
  102  6:45  Marauder, Barracks  
  102  6:46  SCV  
  104  6:47  SCV  
  104  6:49  Marine x2  
  104  6:50  Barracks  
  107  6:55  Marauder  
  107  6:58  SCV  
  107  7:00  Supply Depot  
  109  7:01  Refinery  
  109  7:02  Widow Mine  
  109  7:05  Widow Mine  
  109  7:06  Marine x2  
  109  7:07  SCV  
  116  7:09  Supply Depot  
  116  7:12  Marine, Supply Depot  
  117  7:17  Marauder  
  117  7:23  Marine  
  117  7:24  Marine  
  117  7:25  SCV  
  117  7:29  Terran Infantry Armor Level 1, Marine  
  119  7:30  Widow Mine  
  119  7:36  Marauder, Concussive Shells  
  122  7:38  SCV x2  
  122  7:39  Marauder  
  122  7:41  Marine  
  127  7:47  Medivac x2  
  127  7:48  Barracks Reactor  
  127  7:50  SCV  
  132  7:56  Widow Mine, Marine x2  
  132  7:57  Marauder, Widow Mine  
  137  8:03  Marauder x2  
  141  8:05  SCV  
  141  8:06  Ghost Academy  
  141  8:09  Orbital Command  
  142  8:17  Marine x2  
  142  8:19  Marauder  
  146  8:24  Marine  
  146  8:25  SCV, Marauder  
  146  8:26  Marine  
  138  8:35  Marine  
  138  8:36  Marine  
  138  8:38  Marine  
  138  8:39  Widow Mine  
  138  8:40  Marauder, Widow Mine  
  122  8:43  Marauder  
  122  8:44  Marine  
  122  8:46  SCV, Marauder  
  117  8:50  SCV  
  117  8:52  Marine  
  117  8:53  Marine  
  117  8:54  SCV  
  111  8:56  Marine  
  111  9:02  Marauder, Marine  
  111  9:04  SCV, Marauder  
  111  9:05  SCV  
  111  9:07  Marauder  
  111  9:08  Orbital Command  
  109  9:16  SCV, Marine  
  110  9:17  SCV  
  110  9:23  Marauder  
  113  9:25  Medivac  
  113  9:28  SCV  
  116  9:34  Armory, Widow Mine  
  116  9:38  Medivac  
  120  9:39  Marine  
  120  9:43  SCV, Widow Mine  
  120  9:45  SCV  
  125  9:50  Engineering Bay  
  125  9:51  Marine  
  125  9:52  Marauder  
  126  9:53  SCV  
  126  9:55  Medivac  
  126  9:56  SCV  
  126  9:57  SCV  
  131  10:02  Sensor Tower  
  131  10:03  Marauder  
  131  10:04  Widow Mine  
  131  10:05  SCV  
  136  10:09  Refinery  
  136  10:15  Marine x3  
  136  10:16  Marauder  
  141  10:22  Refinery  
  141  10:23  Command Center  
  141  10:26  Terran Infantry Weapons Level 2, Terran Infantry Armor Level 2  
  141  10:30  Widow Mine x2  
  141  10:33  Marine x2  
  149  10:41  Marauder, Marine x2  
  149  10:42  Ghost x2  
  145  10:51  Supply Depot  
  145  10:52  Marine x2, Supply Depot  
  147  10:59  Marine x2  
  147  11:03  Marauder  
  140  11:06  SCV x2  
  140  11:10  Marine x2  
  140  11:11  Marauder x2  
  146  11:17  Marine x2  
  146  11:18  Widow Mine  
  145  11:24  Marauder  
  133  11:27  Marine x2  
  133  11:32  Marine x2  
  115  11:33  SCV  
  115  11:34  Marine  
  115  11:35  Marine  
  107  11:45  Marine x3  
  104  11:48  SCV x2  
  104  11:50  SCV, Marauder x2  
  104  11:52  Marine  
  104  11:53  Marine  
  113  12:00  SCV  
  113  12:01  SCV  
  112  12:02  SCV  
  112  12:03  Marauder, Marine  
  112  12:07  Medivac  
  116  12:12  Ghost  
  116  12:13  SCV x2  
  120  12:17  SCV  
  121  12:25  SCV, Supply Depot  
  121  12:26  Marine  
  121  12:27  Marauder  
  121  12:29  Marine  
  121  12:30  Marauder  
  121  12:32  Marine  
  121  12:33  Marine  
  121  12:35  SCV  
  121  12:36  SCV  
Show
View Real Time Build Order
Export as new Build Order

SKillous Protoss - Winner!

Build Orders: Oracle Opening, Archon Immortal, Blink Stalkers 

Get SALT Encoding   

  12  0:00  Probe  
  13  0:12  Probe  
  14  0:17  Pylon  
  14  0:24  Probe  
  15  0:32  Probe  
  15  0:37  Gateway  
  15  0:40  Probe  
  16  0:46  Assimilator  
  17  0:51  Probe  
  18  1:03  Probe  
  19  1:15  Probe  
  20  1:21  Assimilator  
  20  1:26  Cybernetics Core, Pylon  
  20  1:28  Probe  
  21  1:39  Assimilator  
  23  1:44  Probe  
  22  1:56  Probe  
  22  1:59  Adept  
  23  2:02  Nexus  
  23  2:11  Probe  
  26  2:23  Stargate  
  26  2:26  Probe  
  26  2:29  Warp Gate  
  27  2:35  Probe  
  27  2:36  Pylon  
  27  2:43  Probe  
  31  2:51  Stalker  
  31  2:53  Probe  
  32  3:06  Probe  
  32  3:07  Oracle  
  32  3:10  Probe  
  36  3:16  Probe  
  36  3:18  Probe  
  38  3:24  Probe  
  38  3:26  Twilight Council  
  39  3:29  Probe  
  41  3:35  Probe  
  42  3:42  Gateway  
  42  3:45  Probe  
  42  3:46  Gateway  
  42  3:47  Blink  
  43  3:50  Probe  
  42  3:57  Probe, Pylon  
  42  3:58  Assimilator  
  42  4:00  Assimilator  
  44  4:02  Probe  
  45  4:10  Probe  
  45  4:13  Probe  
  46  4:18  Forge  
  46  4:21  Probe  
  46  4:22  Probe  
  47  4:30  Probe  
  48  4:34  Pylon  
  48  4:36  Robotics Facility  
  50  4:41  Stalker, Probe  
  50  4:42  Stalker  
  54  4:47  Stalker  
  56  4:56  Protoss Ground Armor Level 1  
  56  5:05  Nexus  
  56  5:06  Pylon  
  56  5:08  Pylon  
  56  5:12  Sentry x2  
  62  5:26  Templar Archives  
  60  5:31  Probe, Gateway  
  60  5:32  Gateway  
  61  5:36  Charge  
  61  5:37  Gateway  
  61  5:39  Gateway  
  61  5:46  Probe  
  61  5:49  Stalker  
  64  5:51  Probe  
  65  5:57  Gateway  
  65  6:05  Immortal  
  65  6:07  Probe x2  
  71  6:19  Probe  
  71  6:21  Probe  
  71  6:28  Stalker, High Templar x2, Probe  
  71  6:29  Zealot x2  
  82  6:37  Pylon  
  82  6:38  Pylon, Archon  
  82  6:40  Probe  
  82  6:41  Probe  
  82  6:45  Warp Prism  
  82  6:47  Zealot x2  
  89  6:52  Pylon  
  90  7:00  Protoss Ground Armor Level 2  
  90  7:07  Zealot x2, High Templar x2  
  90  7:08  Zealot x2  
  102  7:12  Archon  
  102  7:14  Pylon  
  96  7:23  Stalker  
  96  7:24  Stalker  
  96  7:28  Phoenix  
  96  7:29  Probe  
  93  7:30  Probe  
  93  7:36  Probe  
  94  7:37  Probe  
  94  7:39  Probe  
  94  7:41  Immortal  
  102  7:46  Probe  
  102  7:48  Probe  
  104  7:55  High Templar  
  107  8:00  High Templar  
  107  8:01  Zealot x6  
  107  8:04  Pylon  
  120  8:06  Archon  
  120  8:22  Immortal  
  124  8:29  Zealot x2  
  124  8:30  Zealot x5  
  114  8:42  Zealot  
  112  8:52  Zealot x6  
  112  9:01  Probe x2  
  110  9:05  Immortal  
  98  9:10  Zealot x2  
  98  9:13  Nexus  
  98  9:15  Protoss Ground Armor Level 3, Pylon  
  98  9:24  Zealot x3  
  98  9:25  Zealot x3  
  98  9:26  Probe  
  113  9:35  Warp Prism  
  113  9:38  Probe  
  114  9:39  Robotics Bay  
  114  9:40  Sentry x2  
  116  9:47  Stalker x3  
  124  9:55  Zealot x3  
  128  10:07  Stalker x2  
  128  10:10  Probe x2  
  134  10:17  Colossus  
  134  10:18  Pylon  
  134  10:24  Probe x2  
  134  10:25  Assimilator  
  134  10:26  Pylon  
  134  10:27  Assimilator  
  140  10:30  High Templar  
  140  10:31  Zealot x2, High Templar  
  140  10:35  Archon  
  146  10:54  Zealot  
  146  10:55  Zealot x5  
  156  10:59  Colossus  
  156  11:10  Zealot x2  
  158  11:17  Zealot x5  
  158  11:18  Stalker  
  162  11:22  Probe  
  139  11:35  Zealot x2  
  137  11:40  Colossus  
  137  11:44  Stalker x6  
  137  11:45  Probe x2  
  151  12:00  Probe x2  
  153  12:03  Stalker x2  
  157  12:11  Gateway x2  
  157  12:14  Stalker x5  
  164  12:17  Pylon  
  164  12:24  Robotics Facility  
  164  12:27  Pylon  
  146  12:35  Zealot x3  
  146  12:48  Nexus  
  128  12:52  Pylon  
  128  12:53  Zealot x3  
Tags
 
Add a new tag
Caveats
  • Supply blocks, unpowered buildings, or Contaminate may cause inaccurate times.
  • Supply counts are checked every 10 seconds.